 Dungeon Crawl Stone Soup version 0.17-a0-1996-gd2c0ec8 (webtiles) character file.

18 glosham the Chopper (level 2, 0/24 HPs)
             Began as a Human Fighter on Oct 7, 2015.
             Slain by a kobold
             ... wielding a +0 whip
              (4 damage)
             ... on level 1 of the Dungeon.
             The game lasted 00:03:47 (246 turns).

glosham the Chopper (Human Fighter)                  Turns: 246, Time: 00:03:47

Health: 0/24       AC:  6    Str: 21    XL:     2   Next: 85%
Magic:  2/2        EV:  9    Int:  8    God:
Gold:   68         SH:  0    Dex: 12    Spells: 0 memorised, 1 level left

rFire  . . .     SeeInvis .     a - +0 war axe
rCold  . . .     Clarity  .     b - +0 scale mail
rNeg   . . .     SustAt   .     (no shield)
rPois  .         Gourm    .     (no helmet)
rElec  .         Spirit   .     (no cloak)
rCorr  .         Warding  .     (no gloves)
rMut   .         Stasis   .     (no boots)
MR     .....                    (no amulet)
Stlth  ..........               (no ring)
                                (no ring)

@: mighty, flying, not resistant to hostile enchantments, extremely unstealthy
A: no striking features
a: no special abilities


You were on level 1 of the Dungeon.
You were not hungry.

You visited 1 branch of the dungeon, and saw 1 of its levels.

You collected 68 gold pieces.

Inventory:

Hand Weapons
 a - a +0 war axe (weapon)
Missiles
 h - 25 stones (quivered)
 i - 10 poisoned needles
 j - 22 sling bullets
Armour
 b - a +0 scale mail (worn)
 c - a +0 shield
Scrolls
 g - a scroll of enchant weapon {unknown}
Potions
 f - a potion of flight
Comestibles
 d - 2 chunks of flesh
 e - a bread ration


   Skills:
 - Level 3.0 Fighting
 * Level 3.1 Axes
 - Level 3.0 Armour
 - Level 3.0 Shields


You had one spell level left.
You didn't know any spells.

Dungeon Overview and Level Annotations

Branches:
Dungeon (1/15)

Altars:


Message History

You hit the gnoll.
The gnoll is lightly wounded.
The gnoll barely misses you.
Drink which item? (? for menu, Esc to quit)
It was a potion of flight.
You feel very buoyant.
You fly up into the air.
The gnoll closely misses you.
Drink which item? (? for menu, Esc to quit)
You feel very mighty all of a sudden. The gnoll barely misses you.
You slash the gnoll!
You kill the gnoll!
Your Axes skill increases to level 3!
You now have 62 gold pieces (gained 15).
Things that are here:
a flail; a gnoll corpse You butcher the gnoll corpse.
d - 2 chunks of flesh You see here a flail.
There is a stone staircase leading down here.
You now have 68 gold pieces (gained 6).
Found 22 sling bullets.
You see here 22 sling bullets.
j - 22 sling bullets The kobold shouts!
The kobold throws a stone.
The stone closely misses you.
A rat comes into view.
You see here a stone.
The kobold throws a stone.
The stone closely misses you.
The kobold throws a stone.
The stone hits you but does no damage.
You see here 2 stones.
You barely miss the rat. The rat closely misses you.
You completely miss the rat. The rat bites you but does no damage.
The rat bites you but does no damage.
You slice the rat!!
You kill the rat!
The kobold throws a stone.
The stone hits you but does no damage.
A ball python comes into view.
The kobold hits you with a whip.
You die...

# ........### #. ♣
#S........# .## .♣
#.......#.#
..###.###.......#.# ..
...............#.# #.
#.. ...........#.# #.
#.###..?.r.......#
#.###..#......##K....#
#.#...........##@###.#
#.#.####..######(# #.#
#.#.# #..# #.# #.#
#...# #..# #.###.#
#..## #..# #.##..#
#..#####..# #.##.##
#..g......### #.##.#
...........># #.##.##
##)#######..#
#.#...#####


You could see a ball python and a kobold.

Vanquished Creatures
  A gnoll (D:1)
  A bat (D:1)
  2 goblins (D:1)
  2 kobolds (D:1)
  2 rats (D:1)
8 creatures vanquished.

Notes
Turn   | Place    | Note
--------------------------------------------------------------
     0 | D:1      | glosham the Human Fighter began the quest for the Orb.
     0 | D:1      | Reached XP level 1. HP: 18/18 MP: 1/1
   153 | D:1      | Reached XP level 2. HP: 16/24 MP: 2/2
   207 | D:1      | HP: 1/24 [gnoll/flail (7)]
   211 | D:1      | Reached skill level 3 in Axes
   246 | D:1      | Slain by a kobold

Vault maps used:
D:1:      lightli_molten_gateway, minmay_tree_intersection

Action                   || total
-------------------------++-------
Melee: War axe           ||    38
  Use: Potion            ||     2

Table legend:
 A = Turns spent in this place as a percentage of turns spent in the entire game.
 B = Non-inter-level travel turns spent in this place as a percentage of non-inter-level travel turns spent in the entire game.
 C = Inter-level travel turns spent in this place as a percentage of turns spent in this place.
 D = Turns resting spent in this place as a percentage of non-inter-level travel turns spent in this place.
 E = Turns spent auto-exploring this place as a percentage of non-inter-level travel turns spent in this place.
 F = Non-inter-level travel turns spent in this place divided by the number of levels of this place that you've seen.
                   A       B       C       D       E      F
               +-------+-------+-------+-------+-------+----------------------
         Total | 100.0 | 100.0 |   0.0 |   0.0 |   0.0 | 211.0
       Dungeon | 100.0 | 100.0 |   0.0 |   0.0 |   0.0 | 211.0
               +-------+-------+-------+-------+-------+----------------------

Table legend:
 A = Kills in this place as a percentage of kills in entire the game.
 B = Kills by you in this place as a percentage of kills by you in the entire game.
 C = Kills by friends in this place as a percentage of kills by friends in the entire game.
 D = Other kills in this place as a percentage of other kills in the entire game.
 E = Experience gained in this place as a percentage of experience gained in the entire game.
 F = Experience gained in this place divided by the number of levels of this place that you have seen.
                   A       B       C       D       E      F
               +-------+-------+-------+-------+-------+----------------------
         Total | 100.0 | 100.0 |  -nan |  -nan | 100.0 |  26.0
       Dungeon | 100.0 | 100.0 |  -nan |  -nan | 100.0 |  26.0
               +-------+-------+-------+-------+-------+----------------------

Vault maps used:
D:1:      lightli_molten_gateway, minmay_tree_intersection
